 Dungeon Crawl Stone Soup version 0.17-a0-1554-g3b847ca (webtiles) character file.

189 patman the Cudgeler (level 5, 0/32 HPs)
             Began as a Gargoyle Berserker on July 19, 2015.
             Was a Believer of Trog.
             Slain by a jackal (2 damage)
             ... on level 4 of the Dungeon.
             The game lasted 00:03:39 (783 turns).

patman the Cudgeler (Gargoyle Berserker)             Turns: 783, Time: 00:03:39

Health: 0/32       AC:  9    Str: 20    XL:     5   Next: 68%
Magic:  5/5        EV: 11    Int:  8    God:    Trog [**....]
Gold:   35         SH:  0    Dex: 10    Spells: 0 memorised, 4 levels left

rFire  . . .     SeeInvis .     a - +0 flail
rCold  . . .     Clarity  .     h - +0 ring mail
rNeg   + . .     SustAt   .     (no shield)
rPois  ∞         Gourm    .     (no helmet)
rElec  +         Spirit   .     (no cloak)
rCorr  .         Warding  .     (no gloves)
rMut   .         Stasis   .     (no boots)
MR     .....                    (no amulet)
Stlth  ..........               (no ring)
                                e - ring of flight

@: exhausted, slowed, very slow, not resistant to hostile enchantments,
extremely unstealthy
A: negative energy resistance 1, electricity resistance, unbreathing,
petrification resistance, rot immunity, AC +4
a: Burn Spellbooks, Berserk, Trog's Hand, Renounce Religion, Evoke Flight


You were on level 4 of the Dungeon.
You worshipped Trog.
Trog was pleased with you.
You were not hungry.

You visited 1 branch of the dungeon, and saw 4 of its levels.

You collected 35 gold pieces.

Inventory:

Hand weapons
 a - a +0 flail (weapon)
Armour
 h - a +0 ring mail (worn)
Jewellery
 e - a ring of flight (left hand)
Magical devices
 j - a wand of paralysis (3)
Scrolls
 d - 2 scrolls of identify {unknown}
 g - a scroll of fog {unknown}
Potions
 b - a potion of heal wounds {unknown}
 f - a potion of lignification {unknown}
 i - a potion of curing {unknown}
Comestibles
 c - 4 bread rations


   Skills:
 - Level 3.2 Fighting
 + Level 6.2 Maces & Flails
 - Level 2.1 Armour
 - Level 1.5 Dodging


You had 4 spell levels left.
You didn't know any spells.

Dungeon Overview and Level Annotations

Branches:
Dungeon (4/15)
 Temple: D:4-7

Altars:
Okawaru


Innate Abilities, Weirdness & Mutations

You are resistant to torment.
Your stone body is resilient (AC +4).
You are immune to poison.
You resist negative energy.
You are resistant to electric shocks.
You can survive without breathing.
You are immune to petrification.
You are immune to rotting.


Message History

You kill the jackal!
Trog accepts your kill.
The jackal bites you but does no damage.
The jackal barely misses you.
The jackal bites you but does no damage.
The jackal barely misses you. x2
You barely miss the jackal.
The jackal is almost dead.
The jackal bites you.
* * * LOW HITPOINT WARNING * * *
The jackal bites you but does no damage.
The jackal completely misses you. The jackal bites you.
* * * LOW HITPOINT WARNING * * *
The jackal closely misses you.
The jackal bites you but does no damage. x2
The jackal barely misses you.
You closely miss the jackal.
The jackal is almost dead.
The jackal closely misses you. The jackal bites you.
You die...

#...............
#...)............
#................
#................
#............!....#
#...).............#
#._................
#.....hh...........
#.....@h...........
##....)............
#####.............
###...........
##.......... ###
###..........
##..#####.)..............
#.........##.............
#.##....####.............


You could see 3 jackals.

Vanquished Creatures
  An ogre (D:4)
  A hound (D:4)
  An adder (D:4)
  3 gnolls (D:4)
  An ooze (D:4)
  A worm (D:2)
  2 ball pythons
  3 hobgoblins
  4 kobolds
  A quokka (D:2)
  2 bats (D:1)
  2 giant cockroaches (D:2)
  A giant gecko (D:4)
  2 giant newts
  3 goblins
  A jackal (D:4)
  3 rats
32 creatures vanquished.

Notes
Turn   | Place    | Note
--------------------------------------------------------------
     0 | D:1      | patman the Gargoyle Berserker began the quest for the Orb.
     0 | D:1      | Reached XP level 1. HP: 14/14 MP: 1/1
   108 | D:1      | Reached XP level 2. HP: 16/19 MP: 2/2
   161 | D:2      | Acquired Trog's second power
   169 | D:2      | Reached skill level 4 in Maces & Flails
   456 | D:3      | Reached XP level 3. HP: 23/23 MP: 3/3
   489 | D:4      | Noticed an ogre
   498 | D:4      | Killed an ogre
   498 | D:4      | Reached skill level 5 in Maces & Flails
   498 | D:4      | Reached XP level 4. HP: 27/28 MP: 4/4
   498 | D:4      | Reached XP level 5. HP: 30/32 MP: 5/5
   634 | D:4      | Found an iron altar of Okawaru.
   753 | D:4      | Paralysed by a gnoll for 5 turns
   765 | D:4      | Reached skill level 6 in Maces & Flails
   783 | D:4      | Slain by a jackal

Vault maps used:
D:1:      dpeg_arrival_long_road
D:2:      lemuel_crystal_altar, kennysheep_generic_room_14
D:3:      vehumet_crystals, lemuel_old_faithful
D:4:      minitemple, overflow_temple_1_default, first_bread

Action                   |  1- 3 |  4- 6 || total
-------------------------+-------+-------++-------
Melee: Mace              |    41 |       ||    41
       Flail             |    11 |    38 ||    49
Invok: Berserk           |     2 |     2 ||     4
  Eat: Meat ration       |       |     1 ||     1
       Chunk             |       |     1 ||     1
